 Dungeon Crawl Stone Soup version 0.28-a0-1624-g820543e53a (webtiles) character file.

Game seed: 9666167486528793630

1129 bande the Chopper (level 8, -2/50 HPs)
             Began as a Gargoyle Fighter on Jan 23, 2022.
             Slain by a wight (8 damage)
             ... on level 5 of the Dungeon.
             The game lasted 00:08:32 (6082 turns).

bande the Chopper (Gargoyle Fighter)                Turns: 6082, Time: 00:08:34

Health: -2/50      AC: 18    Str: 20    XL:     8   Next: 35%
Magic:  8/8        EV:  9    Int:  9    God:
Gold:   258        SH:  5    Dex: 11    Spells: 7/7 levels left

rFire   . . .      SeeInvis .   k - +2 hand axe (drain)
rCold   . . .      Faith    .   c - +0 buckler
rNeg    + . .      Spirit   .   b - +0 scale mail
rPois   ∞          Reflect  .   g - +0 helmet
rElec   +          Harm     .   h - +0 cloak
rCorr   .          Rampage  .   e - +0 pair of gloves
Will    .....                   j - +0 pair of boots
Stlth   ..........              (no amulet)
HPRegen 0.16/turn               (no ring)
MPRegen 0.11/turn               (no ring)

@: mighty
A: sickness immunity, AC +5, negative energy resistance 1, electricity
resistance, torment resistance 1, petrification resistance
a: no special abilities


You were on level 5 of the Dungeon.
You visited 2 branches of the dungeon, and saw 7 of its levels.

You collected 258 gold pieces.

Inventory:

Hand Weapons
 a - a +0 war axe
 k - a +2 hand axe of draining (weapon)
 r - a +4 flail
Armour
 b - a +0 scale mail (worn)
 c - a +0 buckler (worn)
 e - a +0 pair of gloves (worn)
 g - a +0 helmet (worn)
 h - a +0 cloak (worn)
 j - a +0 pair of boots (worn)
Jewellery
 l - a ring of ice
 q - an amulet of the acrobat
Scrolls
 f - 2 scrolls of blinking
 m - 3 scrolls of teleportation
 p - a scroll of amnesia {unknown}
Potions
 d - a potion of might
 n - a potion of heal wounds
 o - a potion of ambrosia


   Skills:
 + Level 5.6 Fighting
 + Level 6.2 Axes
 + Level 6.1 Armour
 - Level 0.2 Stealth
 + Level 4.6 Shields


You had 7 spell levels left.
You didn't know any spells.
Your spell library contained the following spells:

 Spells                   Type           Power      Damage    Failure   Level
 Ensorcelled Hibernation  Hex/Ice        0%         N/A       91%         2
 Passwall                 Tmut/Erth      0%         N/A       91%         2
 Swiftness                Air            0%         N/A       99%         3


Dungeon Overview and Level Annotations

Branches:
Dungeon (6/15)             Temple (1/1) D:4

Altars:
Ashenzari
Dithmenos
Elyvilon
Fedhas
Gozag
Kikubaaqudgha
Qazlal
Ru
Sif Muna
Trog
Xom
Yredelemnul
Zin
Lugonu

Shops:
D:1 [

Annotations:
D:3 1 runed translucent door
D:5 3 runed translucent doors, Bediveer's ghost, amateur FeSu


Innate Abilities, Weirdness & Mutations

You are immune to sickness and miasma.
Your stone body is resilient. (AC +5)
You are immune to poison.
You resist negative energy. (rN+)
You are resistant to electric shocks. (rElec)
You are resistant to unholy torment.
You are immune to petrification.


Message History

The wight hits you with a +0 long sword.
The black bear bites you.
The black bear claws you but does no damage. x2
The wight completely misses you.
Unknown command.
You block the wight's attack. The wight hits you but does no damage.
You see here a +0 robe.
You barely miss the black bear. You barely miss the wight. You slash the wight!
You hit the wight. The wight hits you but does no damage.
The black bear closely misses you. You block the black bear's attack.
The black bear claws you but does no damage.
You block the wight's attack. The wight closely misses you.
Unknown command.
You closely miss the black bear. You hit the wight. You barely miss the wight.
You slash the wight!
The wight hits you with a +4 short sword of freezing.
The wight freezes you.
The black bear bites you but does no damage.
The black bear claws you but does no damage.
You block the black bear's attack. The wight hits you but does no damage.
The wight closely misses you.
You hit the black bear. You drain the black bear.
The black bear is moderately wounded.
You barely miss the wight. You hit the wight.
You destroy the wight!
You hit the wight but do no damage. The black bear bites you.
The black bear misses you.
The black bear claws you but does no damage.
The wight closely misses you.
The wight hits you with a +3 dire flail!
* * * LOW HITPOINT WARNING * * *
Unknown command.
You closely miss the black bear.
The black bear is moderately wounded.
You barely miss the wight. You hit the wight.
The black bear bites you but does no damage.
The black bear claws you but does no damage. x2
You block the wight's attack.
The wight hits you with a +3 dire flail!
You die...

# ##....................... ##
##...................... .###
#......>............... .).#
#...................... #..#
##.....................
##.##########.....#..............
#..........)....##.#.###.#######
#.##########..zhz....##..# #.##
#.##@)#......#### #..#
###.##)....#......##### ##.#
##.............#.....##.
#.######.............##..##.##.
#....##...............#...#.#..
####.#..................#.#...#
##..................###.##...
#####.......................#...#
#.....##................##.......


You could see a black bear (drained) and 2 wights.

Vanquished Creatures
  Sigmund (D:4)
  An ice beast (D:5)
  3 ogres
  A necrophage (D:5)
  A phantom (D:5)
  Blork the orc (D:4)
  2 wights (D:5)
  A bullfrog zombie (D:6)
  A scorpion zombie (D:5)
  Natasha (thrice) (D:4)
  An orc wizard (D:3)
  Robin (D:2)
  3 adders
  4 gnolls
  2 dart slugs
  5 orcs
  4 endoplasms
  5 giant cockroaches
  13 goblins
  7 hobgoblins
  9 jackals (D:2)
  A quokka (D:2)
  A ball python (D:4)
  6 bats
  4 frilled lizards
  A jackal skeleton (D:3)
  A jackal zombie (D:3)
  10 kobolds
  8 rats
101 creatures vanquished.

Vanquished Creatures (others)
  A frilled lizard (D:2)
1 creature vanquished.

Grand Total: 102 creatures vanquished

Notes
Turn   | Place    | Note
-------+----------+-------------------------------------------
     0 | D:1      | bande the Gargoyle Fighter began the quest for the Orb.
     0 | D:1      | Reached XP level 1. HP: 14/14 MP: 1/1
    40 | D:1      | Reached XP level 2. HP: 14/19 MP: 2/2
   121 | D:1      | Found Sizxaphadaps's Armour Emporium.
   509 | D:1      | Reached XP level 3. HP: 24/24 MP: 3/3
  1495 | D:3      | Noticed Robin
  1502 | D:2      | Reached XP level 4. HP: 25/29 MP: 4/4
  1558 | D:2      | Killed Robin
  1824 | D:3      | Found a faded altar of an unknown god.
  2023 | D:3      | Reached XP level 5. HP: 29/33 MP: 5/5
  2239 | D:3      | Found a large runed translucent door.
  2239 | D:3      | Found a large runed translucent door.
  2240 | D:3      | Found a shimmering altar of Xom.
  2306 | D:3      | Found a runed translucent door.
  2306 | D:3      | Noticed a human
  2313 | D:3      | Found a basalt altar of Yredelemnul.
  2898 | D:4      | Found a bloodstained altar of Trog.
  2928 | D:4      | Noticed Sigmund
  3565 | D:4      | Noticed Blork the orc
  3575 | D:4      | Killed Blork the orc
  3576 | D:4      | Reached XP level 6. HP: 26/39 MP: 6/6
  3691 | D:4      | Killed Sigmund
  4117 | D:4      | Found a shimmering blue altar of Sif Muna.
  4151 | D:4      | Noticed Natasha
  4160 | D:4      | Reached XP level 7. HP: 42/44 MP: 7/7
  4160 | D:4      | Killed Natasha
  4161 | D:4      | Reached skill level 5 in Axes
  4161 | D:4      | Reached skill level 5 in Armour
  4308 | D:4      | Found a staircase to the Ecumenical Temple.
  4317 | Temple   | Entered the Ecumenical Temple
  4397 | D:4      | Noticed Natasha
  4406 | D:4      | Killed Natasha
  4419 | D:4      | Noticed Natasha
  4425 | D:4      | Killed Natasha
  4426 | D:4      | Reached skill level 5 in Fighting
  4465 | D:5      | Entered Level 5 of the Dungeon
  4727 | D:5      | Reached XP level 8. HP: 49/49 MP: 8/8
  4745 | D:5      | Found a sacrificial altar of Ru.
  5570 | D:5      | Found a runed translucent gate.
  5570 | D:5      | Found a runed translucent gate.
  5570 | D:5      | Found a runed translucent gate.
  5571 | D:5      | Found an opulent altar of Gozag.
  5572 | D:5      | Noticed a two-headed ogre
  5572 | D:5      | Noticed Bediveer's ghost (amateur FeSu)
  6082 | D:5      | Slain by a wight

Illustrated notes

Levels and vault maps discovered:
D:1:      ebering_trefoil_3fold, layout_rooms, serial_shops, shop,
          palyth_stone_intersect, minmay_misc_feat_alley
D:2:      layout_basic, minmay_misc_feat_chi, lemuel_another_geyser
D:3:      due_chaos_kobolds, layout_basic, dk_yredelemnul_ordeal,
          dilly_ecumenical_altar_fadedgnrine, uniq_robin
D:4:      layout_cave_pools, mainiacjoe_overflow_concentric_impassable,
          mainiacjoe_overflow_small_starburst, minmay_temple_entry_poolview,
          uniq_blork_the_orc, uniq_sigmund, uniq_natasha
D:5:      layout_rooms, hangedman_ru_absence, ebering_ghost_gozag
D:6:      layout_cave_pools, grunt_temple_overflow_lords_of_destruction,
          nicolae_hepliaklqana_ecumenical_no_more, uniq_edmund, uniq_menkaure
Temple:   corrupted_temple

Skill      XL: |  1  2  3  4  5  6  7  8 |
---------------+-------------------------+-----
Axes           | 2 3 4 5 6 |  6.2
Fighting       | 4 5 |  5.6
Armour         | 4 5 6 |  6.1
Shields        | 4 |  4.6
Stealth        | |  0.2

Action                   |  1- 3 |  4- 6 |  7- 9 || total
-------------------------+-------+-------+-------++-------
Melee: War axe           |    96 |    51 |       ||   147
       Hand axe          |       |    66 |   118 ||   184
  Use: Scroll            |       |     6 |     3 ||     9
       Potion            |       |       |     1 ||     1
Armor: Scale mail        |    60 |    79 |    69 ||   208
Dodge: Dodged            |    51 |    82 |    56 ||   189
Block: Buckler           |    23 |    28 |    32 ||    83

Table legend: (Time is in decaauts)
 A = Elapsed time spent in this place.
 B = Non-inter-level travel time spent in this place.
 C = Inter-level travel time spent in this place.
 D = Time resting spent in this place.
 E = Time spent auto-exploring this place.
 F = Levels seen in this place.
 G = Mean time per level.
                   A        B        C        D        E       F      G
               +--------+--------+--------+--------+--------+-----+--------+
         Total |   6179 |   6116 |     63 |   2113 |   2841 |   7 |  882.7 |
       Dungeon |   6132 |   6069 |     63 |   2113 |   2819 |   6 | 1022.0 |
        Temple |     47 |     47 |      0 |      0 |     22 |   1 |   47.0 |
               +--------+--------+--------+--------+--------+-----+--------+

Top non-repeatable levels by time:
     D:3: 1693 daAuts
     D:5: 1527 daAuts
     D:4: 1093 daAuts
     D:2: 976 daAuts
     D:1: 742 daAuts
     D:6: 98 daAuts
  Temple: 47 daAuts
